 Dungeon Crawl Stone Soup version 0.31-a0-1424-g2add1c7226 (webtiles) character file.

Game seed: 4060026928248718319

400 bjtr the Sneak (level 6, 0/28 HPs)
             Began as a Vine Stalker Enchanter on Dec 26, 2023.
             Slain by an ogre
             ... wielding a +0 giant spiked club
              (12 damage)
             ... on level 5 of the Dungeon.
             The game lasted 00:13:30 (2648 turns).

bjtr the Sneak (Vine Stalker Enchanter)             Turns: 2648, Time: 00:13:31

Health: 0/28       AC:  4    Str: 11    XL:     6   Next: 84%
Magic:  0/10       EV: 12    Int: 17    God:
Gold:   271        SH:  0    Dex: 14    Spells: 1/9 levels left

rFire   . . .        a - +2 dagger
rCold   . . .        (no shield)
rNeg    . . .        b - +0 robe
rPois   .            (no helmet)
rElec   .            (no cloak)
rCorr   .            h - +0 pair of gloves
SInv    .            d - +0 pair of boots
Will    .....        (no amulet)
Stlth   +++          (no ring)
HPRegen 1.04/turn    (no ring)
MPRegen 0.12/turn

%: guardian spirit
@: no status effects
A: fangs 2, regeneration 1, magic shield, antimagic bite, no potion heal 2
a: no special abilities


You were on level 5 of the Dungeon.
You visited 1 branch of the dungeon, and saw 5 of its levels.
You also visited: Ossuary.

You collected 271 gold pieces.

Inventory:

Hand Weapons
 a - a +2 dagger (weapon)
 i - a +0 sling
Missiles
 r - 6 poisoned darts
Armour
 b - a +0 robe (worn)
 d - a +0 pair of boots (worn)
 h - a +0 pair of gloves (worn)
 m - a +0 leather armour
 o - a +0 crystal plate armour
Talismans
 s - a beast talisman
Scrolls
 c - 2 scrolls of fear
 e - a scroll of enchant weapon
 l - 3 scrolls of fog
Potions
 f - 3 potions of enlightenment
 g - 4 potions of haste {unknown}
 j - a potion of mutation {unknown}
 k - a potion of brilliance
 n - a potion of curing
 p - a potion of heal wounds {unknown}
 q - 2 potions of might {unknown}


   Skills:
 * Level 5.0 Short Blades
 - Level 1.5 Dodging
 + Level 6.3 Stealth
 - Level 2.1 Spellcasting
 - Level 3.0 Hexes


You had one spell level left.
You knew the following spells:

 Your Spells              Type           Power      Damage    Failure   Level
a - Ensorcelled Hibernat  Hex/Ice        12%        N/A       16%         2
b - Confusing Touch       Hex            12%        N/A       17%         3
c - Tukima's Dance        Hex            12%        N/A       17%         3

Your spell library contained the following spells:

 Spells                   Type           Power      Damage    Failure   Level
 Summon Small Mammal      Summ           4%         N/A       19%         1
 Blink                    Tloc           2%         N/A       28%         2
 Lesser Beckoning         Tloc           2%         N/A       28%         2
 Momentum Strike          Conj/Tloc      2%         3d8       28%         2
 Dazzling Flash           Conj/Hex       12%        N/A       30%         3
 Summon Guardian Golem    Hex/Summ       6%         N/A       30%         3
 Call Canine Familiar     Summ           1%         N/A       50%         3


Dungeon Overview and Level Annotations

Branches:
Dungeon (4/15)            Ossuary (visited)
 Temple: D:4-7

Altars:
Kikubaaqudgha
Qazlal
Sif Muna
Uskayaw

Shops:
D:1 :


Innate Abilities, Weirdness & Mutations

You have extremely sharp teeth.
Your natural rate of healing is unusually fast.
When hurt, damage is shared between your health and your magic reserves.
Your bite disrupts and absorbs the magic of your enemies.
Potions cannot restore your health.


Message History

The ogre hits you with a +0 giant spiked club!!
Ouch! That really hurt!
You hit the ogre but do no damage. You punch the ogre. You bite the ogre.
You drain its power.
You feel invigorated.
The ogre is moderately wounded.
The ogre closely misses you.
You hit the ogre but do no damage.
The ogre appears confused.
The ogre is moderately wounded.
The ogre seems less confused.
The ogre attacks as it pursues you! The ogre misses you.
You hit the ogre.
The ogre is moderately wounded.
You hit the ogre. You bite the ogre. You drain its power.
You feel invigorated.
The ogre is severely wounded.
The ogre misses you.
You barely miss the ogre. You bite the ogre. You drain its power.
You feel invigorated.
The ogre is severely wounded.
You closely miss the ogre.
The ogre is severely wounded.
The ogre hits you with a +0 giant spiked club!
You hit the ogre.
The ogre is almost dead.
You hit the ogre. You bite the ogre.
You kill the ogre!
Your Short Blades skill increases to level 5!
You hit the ogre. You bite the ogre. You drain its power.
You feel invigorated.
The ogre is lightly wounded.
The ogre closely misses you.
You hit the ogre.
The ogre is moderately wounded.
You hit the ogre.
The ogre is heavily wounded.
You closely miss the ogre. You bite the ogre. You drain its power.
The ogre is severely wounded.
The ogre hits you with a +0 giant spiked club!
You hit the ogre. You punch the ogre.
The ogre is severely wounded.
The ogre hits you with a +0 giant spiked club!!
You die...

#...................####
###'#'###......8........
#.#.# #.....#####.####
#.#.# #.....# #.....
#.#.# #.....# #####.
#.#O# #.....# #. #.#.#
#.....### #.
#.#.###.......# #.
#.#.O@....###.#######.
#.###########......##.
#.#...................
#.#.##############.###
#.....................
###..............#####
##########..........
#.#..<..### #.#.###.###


You could see an ogre.

Vanquished Creatures
  An ogre (D:5)
  A sleepcap (D:5)
  An orc wizard (D:3)
  4 crocodile zombies (Ossuary)
  3 mummies (Ossuary)
  6 adders
  A shadow imp (D:5)
  2 worms (D:2)
  10 orcs
  6 endoplasms
  7 giant cockroaches
  4 goblins
  5 hobgoblins
  2 jackals (D:1)
  2 quokkas (D:1)
  6 ball pythons
  5 bats
  3 frilled lizards
  4 kobolds
  4 kobold zombies (Ossuary)
  7 rats
84 creatures vanquished.

Notes
Turn   | Place    | Note
-------+----------+-------------------------------------------
     0 | D:1      | bjtr the Vine Stalker Enchanter began the quest for the
                  | Orb.
     0 | D:1      | Reached XP level 1. HP: 9/9 MP: 4/4
     6 | D:1      | Reached skill level 1 in Short Blades
   168 | D:1      | Reached skill level 4 in Stealth
   168 | D:1      | Reached XP level 2. HP: 12/13 MP: 3/6
   265 | D:1      | Found Caynyp's Book Shoppe.
   542 | D:1      | Reached XP level 3. HP: 16/16 MP: 7/7
   724 | D:2      | Found a hide-covered altar of Uskayaw.
   853 | D:2      | Reached skill level 5 in Stealth
   853 | D:2      | Reached XP level 4. HP: 21/21 MP: 8/8
  1357 | D:3      | Reached XP level 5. HP: 24/24 MP: 9/9
  1880 | D:3      | Found a stormy altar of Qazlal.
  1887 | D:3      | Found a shimmering blue altar of Sif Muna.
  1891 | D:3      | Found an ancient bone altar of Kikubaaqudgha.
  2320 | D:4      | You fall into a shaft and drop 1 floor!
  2320 | D:5      | Entered Level 5 of the Dungeon
  2350 | D:5      | Found a sand-covered staircase.
  2356 | D:5      | Learned a level 2 spell: Ensorcelled Hibernation
  2360 | D:5      | Learned a level 3 spell: Confusing Touch
  2364 | D:5      | Learned a level 3 spell: Tukima's Dance
  2368 | Ossuary  | Entered an ossuary
  2456 | Ossuary  | Reached XP level 6. HP: 16/28 MP: 8/10
  2462 | Ossuary  | Reached skill level 6 in Stealth
  2644 | D:5      | Reached skill level 5 in Short Blades
  2648 | D:5      | Slain by an ogre

Illustrated notes

Levels and vault maps discovered:
D:1:      onia_arrival_handbag, layout_rooms, serial_shops, shop,
          minmay_pentomino_v4
D:2:      layout_loops_cross, basic_altar
D:3:      layout_loops_cross, minmay_overflow_temple_star_quad,
          minmay_misc_feat_room, minmay_cut_off
D:4:      layout_cave_pods, minmay_temple_entry_hall, ebering_ghost_rock_garden,
          kennysheep_generic_room_8
D:5:      layout_basic, nicolae_ossuary_entry_monument, hex_medium

Skill      XL: |  1  2  3  4  5  6 |
---------------+-------------------+-----
Short Blades   | 1 2 3 4 5 |  5.0
Stealth        | 4 5 6 |  6.3
Dodging        | |  1.5
Spellcasting   | |  2.1
Hexes          | |  3.0

Action                     |  1- 3 |  4- 6 || total
---------------------------+-------+-------++-------
  Melee: Dagger            |   117 |   242 ||   359
         Bite              |    26 |    76 ||   102
         Punch             |     1 |     7 ||     8
   Cast: Tukima's Dance    |       |     1 ||     1
         Confusing Touch   |       |     1 ||     1
    Use: Scroll            |       |    10 ||    10
         Potion            |       |     2 ||     2
   Stab: Sleeping          |     4 |    10 ||    14
         Distracted        |       |     1 ||     1
         Invisible         |       |     4 ||     4
 Armour: Robe              |    53 |   111 ||   164
  Dodge: Dodged            |    87 |   126 ||   213

Table legend: (Time is in decaauts)
 A = Elapsed time spent in this place.
 B = Non-inter-level travel time spent in this place.
 C = Inter-level travel time spent in this place.
 D = Time resting spent in this place.
 E = Time spent auto-exploring this place.
 F = Levels seen in this place.
 G = Mean time per level.
                   A        B        C        D        E       F      G
               +--------+--------+--------+--------+--------+-----+--------+
         Total |   2593 |   2541 |     52 |    145 |   1433 |   6 |  432.2 |
       Dungeon |   2456 |   2404 |     52 |    145 |   1433 |   5 |  491.2 |
       Ossuary |    137 |    137 |      0 |      0 |      0 |   1 |  137.0 |
               +--------+--------+--------+--------+--------+-----+--------+

Top non-repeatable levels by time:
     D:3: 765 daAuts
     D:2: 647 daAuts
     D:1: 596 daAuts
     D:4: 278 daAuts
     D:5: 168 daAuts
 Ossuary: 137 daAuts
